 Dungeon Crawl Stone Soup version 0.27.0-1-g7a089689b8 (webtiles) character file.

Game seed: 394270860017867509

586 ZombieSheep the Slasher (level 7, -2/61 HPs)
             Began as a Minotaur Monk on Aug 5, 2021.
             Was a Priest of Nemelex Xobeh.
             Slain by a sky beast (5 damage)
             ... on level 5 of the Dungeon.
             The game lasted 00:08:16 (3643 turns).

ZombieSheep the Slasher (Minotaur Monk)             Turns: 3643, Time: 00:08:17

Health: -2/61      AC:  7    Str: 17    XL:     7   Next: 15%
Magic:  8/8        EV: 10    Int:  7    God:    Nemelex Xobeh [***...]
Gold:   196        SH:  5    Dex: 13    Spells: 6/6 levels left

rFire    . . .     SeeInvis .   a - +1 falchion (venom)
rCold    . . .     Faith    .   e - +0 buckler
rNeg     . . .     Spirit   .   l - +0 scale mail
rPois    .         Reflect  .   (helmet restricted)
rElec    .         Harm     .   (no cloak)
rCorr    .         Rampage  .   (no gloves)
Will     .....                  (no boots)
Stlth    ..........             (no amulet)
HPRegen  0.20/turn              (no ring)
MPRegen  0.11/turn              (no ring)

@: no status effects
A: horns 2, retaliatory headbutt
a: Renounce Religion, Draw Escape, Draw Destruction, Draw Summoning, Triple Draw


You were on level 5 of the Dungeon.
You worshipped Nemelex Xobeh.
Nemelex Xobeh was most pleased with you.
You visited 1 branch of the dungeon, and saw 5 of its levels.

You collected 196 gold pieces.

Inventory:

Hand Weapons
 a - a +1 falchion of venom (weapon)
 g - a +0 long sword
 h - a +0 whip of holy wrath
Missiles
 m - 2 throwing nets (quivered)
Armour
 b - a +0 plate armour
 e - a +0 buckler (worn)
 l - a +0 scale mail (worn)
Wands
 j - a wand of paralysis (6)
 o - a wand of polymorph (11)
Scrolls
 p - a scroll of teleportation {unknown}
Potions
 c - a potion of invisibility
 d - 2 potions of might
 f - a potion of lignification
 i - a potion of degeneration {unknown}
 k - 2 potions of flight {unknown}
 n - a potion of haste {unknown}


   Skills:
 + Level 5.5 Fighting
 + Level 5.5 Long Blades
 + Level 3.7 Armour
 - Level 3.6 Dodging
 - Level 1.5 Stealth
 + Level 3.6 Shields
 + Level 2.8 Invocations


You had 6 spell levels left.
You didn't know any spells.
Your spell library contained the following spells:

 Spells                   Type           Power      Damage    Failure   Level
 Corpse Rot               Necr/Air       N/A        N/A       94%         2
 Dispel Undead            Necr           0%         3d6       100%        4
 Death Channel            Necr           0%         N/A       100%        6


Dungeon Overview and Level Annotations

Branches:
Dungeon (5/15)             Temple (0/1) D:4

Altars:
Nemelex Xobeh
The Shining One


Innate Abilities, Weirdness & Mutations

You have a pair of horns on your head.
You reflexively headbutt those who attack you in melee.


Message History

The sky beast hits you but does no damage.
Unknown command.
The sky beast flickers out of sight!
An orc wizard appears from thin air!
Reactivating autopickup.
The orc wizard gestures at you while chanting.
You resist with some effort.
The orc wizard casts a spell.
The orc wizard flickers and vanishes!
Deactivating autopickup; reactivate with Ctrl-A.
Nemelex Xobeh deals you some cards!
You now have 3 escape cards, 7 destruction cards and 2 summoning cards.
A sky beast appears from thin air!
Reactivating autopickup.
You draw a card...
You have drawn the Tomb.
Walls emerge from the floor!
The sky beast misses you. You furiously retaliate!
You headbutt the sky beast!
You riposte.
You hit the sky beast but do no damage.
The sky beast is poisoned.
Your headbutt misses the sky beast.
The sky beast is moderately wounded.
Aiming: Paralyse
Press: ? - help, Shift-Dir - straight line, f - sky beast
Aim: a sky beast (moderately wounded, very poisoned, chance to affect: 46%)
The sky beast resists with some effort.
The sky beast barely misses you. You furiously retaliate!
You headbutt the sky beast, but do no damage.
Unknown command.
You hit the sky beast but do no damage.
The sky beast looks as sick as possible!
The sky beast is heavily wounded.
The sky beast flickers out of sight!
Deactivating autopickup; reactivate with Ctrl-A.
Something hits you but does no damage.
You closely miss something. Your headbutt misses something.
A sky beast appears from thin air!
Reactivating autopickup.
The sky beast hits you.
* * * LOW HITPOINT WARNING * * *
The sky beast shocks you.
You die...
Your body glows with a rainbow of weird colours and disappears.

####.†##.#.##.....>.#
........≈..##.......#
###..###o..........#
.....##............#
.##.###...{.....>..#
.##.# #)..o........#
..o.# #........#<###
.#### #......§#### [#
#.......##@####
.######........Y##..#
{#.......####.......#
o#.#####.####.......#
....)o......#.......#
##.##o......#.......#
#.##..#.##.#.......#
#.......# #.......#
####..#.. .....####


You could see a sky beast (extremely poisoned).

Vanquished Creatures
  Sigmund (D:4)
  A necrophage (D:5)
  3 orc priests
  A bullfrog skeleton (D:4)
  A gnoll shaman (D:5)
  2 orc wizards (D:4)
  Ijyb (D:4)
  A hound skeleton (D:5)
  4 gnolls (D:5)
  An adder (D:4)
  A worm (D:3)
  3 dart slugs
  10 orcs
  4 bats
  7 endoplasms
  4 giant cockroaches
  9 goblins
  5 hobgoblins
  A jackal (D:3)
  A quokka (D:2)
  4 ball pythons
  4 frilled lizards
  7 kobolds
  6 rats
82 creatures vanquished.

Vanquished Creatures (collateral kills)
  An orc (D:5)
1 creature vanquished.

Grand Total: 83 creatures vanquished

Notes
Turn   | Place    | Note
-------+----------+-------------------------------------------
     0 | D:1      | ZombieSheep the Minotaur Monk began the quest for the Orb.
     0 | D:1      | Reached XP level 1. HP: 19/19 MP: 0/0
   478 | D:1      | Reached XP level 2. HP: 27/27 MP: 1/1
   738 | D:1      | Reached skill level 1 in Armour
  1245 | D:2      | Reached skill level 1 in Shields
  1317 | D:2      | Reached XP level 3. HP: 28/33 MP: 2/2
  1638 | D:2      | Found a faded altar of an unknown god.
  1664 | D:2      | Became a worshipper of Nemelex Xobeh the Trickster
  1664 | D:2      | Reached * piety under Nemelex Xobeh
  1664 | D:2      | Received a gift from Nemelex Xobeh
  1664 | D:2      | Reached ** piety under Nemelex Xobeh
  1664 | D:2      | Received a gift from Nemelex Xobeh
  1990 | D:3      | Reached *** piety under Nemelex Xobeh
  2249 | D:4      | Reached XP level 4. HP: 38/41 MP: 3/3
  2254 | D:4      | Reached skill level 1 in Invocations
  2258 | D:4      | Reached XP level 5. HP: 16/47 MP: 4/4
  2602 | D:4      | Found a glowing golden altar of the Shining One.
  2657 | D:4      | Noticed Ijyb
  2709 | D:4      | Received a gift from Nemelex Xobeh
  2787 | D:4      | Noticed Sigmund
  2789 | D:4      | Killed Sigmund
  2790 | D:4      | Reached skill level 5 in Fighting
  2790 | D:4      | Reached skill level 5 in Long Blades
  2790 | D:4      | Reached XP level 6. HP: 55/56 MP: 6/6
  2838 | D:4      | Killed Ijyb
  3006 | D:4      | Found a staircase to the Ecumenical Temple.
  3169 | D:5      | Entered Level 5 of the Dungeon
  3358 | D:5      | Reached XP level 7. HP: 47/61 MP: 6/8
  3632 | D:5      | HP: 3/61 [something/magic dart (4)]
  3637 | D:5      | Received a gift from Nemelex Xobeh
  3643 | D:5      | HP: 3/61 [sky beast (3)]
  3643 | D:5      | Slain by a sky beast

Illustrated notes

Levels and vault maps discovered:
D:1:      heliophobic_arrival_enchanted_forest, layout_loops_ring,
          grunt_decor_clamped, hangedman_abyss_or_decor_stabs
D:2:      layout_basic, basic_ecumenical_altar
D:3:      layout_basic
D:4:      layout_rooms, general_overflow_altar, minmay_temple_entry_nine_rooms,
          uniq_sigmund, uniq_ijyb
D:5:      layout_loops_cross

Skill      XL: |  1  2  3  4  5 |
---------------+----------------+-----
Armour         | 1 2 3 |  3.7
Fighting       | 4 5 |  5.5
Long Blades    | 4 5 |  5.5
Shields        | 1 2 3 |  3.6
Invocations    | 1 2 |  2.8
Dodging        | |  3.6
Stealth        | |  1.5

Action                   |  1- 3 |  4- 6 |  7- 9 || total
-------------------------+-------+-------+-------++-------
Melee: Falchion          |   103 |    54 |    25 ||   182
       Headbutt          |    14 |    14 |     2 ||    30
Invok: Draw Destruction  |     2 |    10 |       ||    12
       Draw Summoning    |       |     1 |       ||     1
       Draw Escape       |       |       |     2 ||     2
Evoke: Wand              |       |       |     1 ||     1
  Use: Scroll            |     5 |     1 |       ||     6
 Stab: Sleeping          |     1 |       |       ||     1
Armor: Leather armour    |     4 |       |       ||     4
       Ring mail         |    33 |     8 |       ||    41
       Scale mail        |       |     9 |     8 ||    17
Dodge: Dodged            |    50 |    25 |     5 ||    80
Block: Buckler           |    12 |    10 |     1 ||    23
       Rpst.: Falchion   |    11 |     5 |     1 ||    17
